 Dungeon Crawl Stone Soup version 0.30-a0-170-g85af917532 (webtiles) character file.

Game seed: 17632912694789552634

387 qw the Trooper (level 6, -3/40 HPs)
             Began as a Gargoyle Fighter on Sept 30, 2022.
             Slain by an orc
             ... wielding a +0 long sword
              (5 damage)
             ... on level 3 of the Dungeon.
             The game lasted 00:00:58 (2925 turns).

qw the Trooper (Gargoyle Fighter)                   Turns: 2925, Time: 00:00:59

Health: -3/40      AC: 13    Str: 22    XL:     6   Next: 78%
Magic:  6/6        EV:  6    Int:  8    God:
Gold:   117        SH:  6    Dex:  9    Spells: 5/5 levels left

rFire   + . .      SeeInvis .    Y - +0 war axe
rCold   + . .      Faith    .    a - +2 buckler {rC+ rF+}
rNeg    + . .      Spirit   .    b - +0 scale mail
rPois   inf        Reflect  .    (no helmet)
rElec   +          Harm     .    (no cloak)
rCorr   +          Rampage  .    h - +1 pair of gloves
Will    .....                    (no boots)
Stlth   ..........               (no amulet)
HPRegen 0.13/turn                f - ring of resist corrosion
MPRegen 0.10/turn                (no ring)

@: constricted
A: sickness immunity, AC +4, negative energy resistance 1, electricity
resistance, torment resistance 1, petrification resistance
a: no special abilities


You were on level 3 of the Dungeon.
You visited 1 branch of the dungeon, and saw 3 of its levels.

You collected 155 gold pieces.
You spent 38 gold pieces at shops.


Innate Abilities, Weirdness & Mutations

You are immune to sickness and miasma.
Your stone body is resilient. (AC +4)
You are immune to poison.
You resist negative energy. (rN+)
You are resistant to electric shocks. (rElec)
You are resistant to unholy torment.
You are immune to petrification.


   Skills:
 - Level 5.4 Fighting
 - Level 5.0 Axes
 - Level 3.2 Armour
 + Level 0.8 Dodging
 - Level 3.2 Shields


You had 5 spell levels left.
You didn't know any spells.
Your spell library was empty.

Inventory:

Hand Weapons
 p - a +0 flail
 Y - a +0 war axe (weapon)
Missiles
 j - 4 boomerangs (quivered)
Armour
 a - a +2 buckler of resistance (worn)
 b - a +0 scale mail (worn)
 c - a +0 helmet
 e - a +0 pair of boots
 h - a +1 pair of gloves (worn)
Jewellery
 f - a ring of resist corrosion (left hand)
Scrolls
 g - a scroll of amnesia {unknown}
Potions
 d - a potion of might
 k - a potion of flight {unknown}
 l - a potion of attraction
 o - a potion of haste {unknown}

Dungeon Overview and Level Annotations

Branches:
Dungeon (3/15)

Altars:

Shops:
D:1 (((   D:2 (


Message History

An orc comes into view. It is wielding a +0 club.
You completely miss the gnoll.
The gnoll is almost dead.
The orc shouts!
You slash the gnoll!
You kill the gnoll!
The adder bites you but does no damage.
The gnoll hits you with a +2 flail of draining!
The gnoll hits you but does no damage.
You slash the gnoll!
You kill the gnoll!
You hit the adder.
An orc comes into view. It is wielding a +0 whip.
The gnoll hits you from afar with a +0 spear.
The adder bites you but does no damage.
The orc shouts!
You slash the adder!
You kill the adder!
You hit the ball python but do no damage.
The ball python bites you but does no damage.
The ball python closely misses you.
The gnoll hits you from afar with a +0 spear!
The ball python bites you but does no damage.
The ball python grabs you. The ball python constricts you.
The gnoll hits you but does no damage. You block the orc's attack.
You barely miss the ball python. You hit the orc. The ball python bites you.
The ball python constricts you. The gnoll closely misses you.
The orc barely misses you.
The ball python bites you but does no damage.
The ball python constricts you.
You barely miss the ball python. You barely miss the orc.
You block the gnoll's attack. The ball python barely misses you.
The ball python constricts you.
You hit the ball python but do no damage.
You closely miss the orc. x2
The ball python completely misses you. The ball python constricts you.
The orc hits you with a +0 long sword. The orc barely misses you.
The gnoll hits you but does no damage. The ball python closely misses you.
The ball python constricts you. The orc hits you with a +0 long sword.
You die...

# #.###.##.#.#...
###.##...........
.................
...........#.###+# # $
###.##..#..#.#.#.##. #..
.............o........
#.......#..#.#.#.##.##..
+.......#......ooSg.....
#.......#......o@#...
#...........##.#.# #
##............g. #.
..###..##.#.#... .. ..
.........#...# # .#
.......... ..# #..## #.#
###.#....... .....
..#....... ..... g...#


You could see 2 gnolls, 4 orcs and a ball python.

Vanquished Creatures
  Grinder (D:3)
  An orc wizard (D:3)
  Robin (D:3)
  9 gnolls
  2 adders (D:3)
  2 worms
  3 dart slugs
  3 endoplasms
  A giant cockroach (D:2)
  12 goblins
  4 hobgoblins
  2 kobolds
  5 quokkas
  6 ball pythons
  3 bats
  A frilled lizard (D:1)
  3 rats
59 creatures vanquished.

Notes
Turn   | Place    | Note
-------+----------+-------------------------------------------
     0 | D:1      | qw the Gargoyle Fighter began the quest for the Orb.
     0 | D:1      | Reached XP level 1. HP: 14/14 MP: 1/1
     0 | D:1      | 0 ||| qw: Version: 0.2-a-12-gaebbb33
     0 | D:1      | 0 ||| qw: Game counter: 1452
     0 | D:1      | 0 ||| qw: Always use a shield: true
     0 | D:1      | 0 ||| qw: God list: Okawaru
     0 | D:1      | 0 ||| qw: Allow faded altars: false
     0 | D:1      | 0 ||| qw: Do Orc after D:15 true
     0 | D:1      | 0 ||| qw: Do second Lair branch before Depths: true
     0 | D:1      | 0 ||| qw: Lair rune preference: random
     0 | D:1      | 0 ||| qw: Plans: Normal, Zot:1-4, God:TSO, Crypt, Tomb,
                  | Pan, Slime:5, Hells, Abyss, Orb
     0 | D:1      | 0 ||| PLANNING D:1-11
    13 | D:1      | Found Boilupiz's Weapon Shoppe.
    19 | D:1      | 19 ||| SHOPLISTING +0 club (10 gold, have 0).
    19 | D:1      | 19 ||| SHOPLISTING +0 morningstar (40 gold, have 0).
    19 | D:1      | 19 ||| SHOPLISTING +1 mace of pain (145 gold, have 0).
    50 | D:1      | 50 ||| Stepping ~*~*~tactically~*~*~ (hiding).
   179 | D:1      | Found Woth's Weapon Emporium.
   188 | D:1      | 188 ||| SHOPLISTING +0 whip (35 gold, have 15).
   269 | D:1      | 269 ||| Stepping ~*~*~tactically~*~*~ (hiding).
   280 | D:1      | Reached XP level 2. HP: 16/19 MP: 2/2
   596 | D:1      | Found Veawiaq's Antique Weapon Boutique.
   615 | D:1      | 615 ||| SHOPLISTING flail (80 gold, have 42).
   615 | D:1      | 615 ||| SHOPLISTING mace (69 gold, have 42).
   615 | D:1      | 615 ||| SHOPLISTING runed mace (138 gold, have 42).
  1009 | D:1      | 1009 ||| DROPPING amulet of magic regeneration.
  1010 | D:1      | 1010 ||| UPGRADING to ring of resist corrosion.
  1011 | D:1      | 1011 ||| READING scroll labelled ASUEFA KEWI.
  1011 | D:1      | Identified a scroll of acquirement
  1011 | D:1      | 1011 ||| ACQUIRING +2 buckler of resistance
  1011 | D:1      | Acquired a +2 buckler of resistance
  1013 | D:1      | 1013 ||| UPGRADING to +2 buckler of resistance.
  1023 | D:1      | 1023 ||| DROPPING +0 buckler.
  1024 | D:1      | 1024 ||| READING scroll labelled QANLUT KEREDD.
  1025 | D:1      | 1025 ||| READING scroll labelled OBUARI WUHESCH.
  1026 | D:1      | 1026 ||| READING scroll labelled UFOURA TOTHRID.
  1029 | D:1      | 1029 ||| DRINKING 2 white potions.
  1030 | D:1      | 1030 ||| DRINKING 2 viscous amethyst potions.
  1091 | D:2      | 1091 ||| Stepping ~*~*~tactically~*~*~ (stealth).
  1095 | D:2      | Reached skill level 3 in Axes
  1095 | D:2      | Reached XP level 3. HP: 9/23 MP: 3/3
  1105 | D:2      | HP: 3/23 [gnoll/+0 halberd (7)]
  1111 | D:2      | HP: 1/23 [gnoll/+0 spear (3)]
  1116 | D:2      | Reached XP level 4. HP: 2/28 MP: 4/4
  1557 | D:2      | 1557 ||| Stepping ~*~*~tactically~*~*~ (hiding).
  1592 | D:2      | 1592 ||| Stepping ~*~*~tactically~*~*~ (hiding).
  1629 | D:2      | 1629 ||| Stepping ~*~*~tactically~*~*~ (stealth).
  1631 | D:2      | 1631 ||| Stepping ~*~*~tactically~*~*~ (stealth).
  1642 | D:2      | 1642 ||| FLEEEEING.
  1643 | D:2      | 1643 ||| FLEEEEING.
  1647 | D:2      | 1647 ||| FLEEEEING.
  1649 | D:2      | 1649 ||| FLEEEEING.
  2027 | D:2      | Found Ciwen's Weapon Boutique.
  2032 | D:2      | 2032 ||| BUYING +0 flail (38 gold).
  2032 | D:2      | Bought a +0 flail for 38 gold pieces
  2032 | D:2      | 2032 ||| SHOPLISTING +10 morningstar "Eos" {elec, Halo
                  | rElec} (814 gold, have 117).
  2032 | D:2      | 2032 ||| DROPPING +0 mace.
  2248 | D:2      | 2248 ||| UPGRADING to +0 pair of gloves.
  2253 | D:2      | 2253 ||| READING scroll of enchant armour.
  2253 | D:2      | 2253 ||| ENCHANTING +0 pair of gloves.
  2254 | D:2      | 2254 ||| READING scroll labelled GEAGER HAUG.
  2255 | D:2      | 2255 ||| READING 2 scrolls labelled YTHIORYLEA.
  2256 | D:2      | 2256 ||| DROPPING scroll of blinking.
  2320 | D:3      | 2320 ||| DRINKING potion of curing.
  2320 | D:3      | 2320 ||| (to cure confusion)
  2333 | D:3      | HP: 5/28 [something/magic dart (5)]
  2342 | D:3      | Reached XP level 5. HP: 5/32 MP: 5/5
  2344 | D:3      | 2344 ||| FLEEEEING.
  2346 | D:3      | 2346 ||| Stepping ~*~*~tactically~*~*~ (stealth).
  2365 | D:3      | 2365 ||| FLEEEEING.
  2366 | D:3      | 2366 ||| FLEEEEING.
  2367 | D:3      | 2367 ||| FLEEEEING.
  2368 | D:3      | 2368 ||| STAIRDANCE
  2626 | D:3      | 2626 ||| STAIRDANCE
  2702 | D:3      | Noticed Robin
  2703 | D:3      | 2703 ||| Stepping ~*~*~tactically~*~*~ (hiding).
  2711 | D:3      | 2711 ||| Stepping ~*~*~tactically~*~*~ (stealth).
  2722 | D:3      | Killed Robin
  2895 | D:3      | Noticed Grinder
  2896 | D:3      | 2896 ||| Stepping ~*~*~tactically~*~*~ (hiding).
  2898 | D:3      | Paralysed by Grinder for 2 turns
  2906 | D:3      | Paralysed by Grinder for 3 turns
  2910 | D:3      | Killed Grinder
  2910 | D:3      | HP: 8/32 [gnoll/+2 flail of draining (5)]
  2911 | D:3      | Reached XP level 6. HP: 11/40 MP: 6/6
  2915 | D:3      | 2915 ||| DRINKING potion of heal wounds.
  2922 | D:3      | HP: 7/40 [gnoll/+0 spear (8)]
  2925 | D:3      | HP: 2/40 [orc/+0 long sword (2)]
  2925 | D:3      | Slain by an orc

Levels and vault maps discovered:
D:1:      wander_arrival_lonely_grave, layout_loops_corners, serial_shops,
          nicolae_shop_advertising_works [nicolae_subvault_shop_adworks],
          nicolae_lakefront_shop, shop, minmay_pentomino_s2
D:2:      minmay_door_path, layout_loops_ring, serial_shops, shop,
          nicolae_elevator_lobby_asterisk
D:3:      layout_basic, nicolae_ecumenical_snake_handling, uniq_grinder,
          uniq_robin

Skill      XL: |  1  2  3  4  5 |
---------------+----------------+-----
Axes           | 2 3 4 5 |  5.0
Fighting       | 5 |  5.4
Armour         | |  3.2
Dodging        | |  0.8
Shields        | |  3.2

Action                   |  1- 3 |  4- 6 || total
-------------------------+-------+-------++-------
Melee: War axe           |    44 |   144 ||   188
Throw: Boomerang         |     6 |    25 ||    31
  Use: Scroll            |     4 |     3 ||     7
       Potion            |     2 |     2 ||     4
Armor: Scale mail        |    17 |   111 ||   128
Dodge: Dodged            |    16 |    65 ||    81
Block: Buckler           |     9 |    57 ||    66

Table legend:
 A = Non-vault XP
 B = Vault XP
 C = Vault XP percentage of total XP
 D = Non-vault monster count
 E = Vault monster count
 F = Vault count percentage of total count
                 A         B        C        D         E       F
            +---------+---------+-------+---------+---------+-------
      Total |     238 |     316 |  57.0 |      38 |      21 |  35.6
            +---------+---------+-------+---------+---------+-------
        D:1 |      21 |       1 |   4.5 |      10 |       1 |   9.1
        D:2 |     127 |       8 |   5.9 |      19 |       5 |  20.8
        D:3 |      90 |     307 |  77.3 |       9 |      15 |  62.5
            +---------+---------+-------+---------+---------+-------
